 Dungeon Crawl Stone Soup version 0.27.1-3-gb3d3a73c9e (webtiles) character file.

Game seed: 13758325951413536598

5717 vatarom the Arsonist (level 10, -33/76 HPs)
             Began as a Demonspawn Fire Elementalist on Oct 7, 2021.
             Was a Follower of Vehumet.
             Hit by a large rock thrown by a cyclops (40 damage)
             ... on level 11 of the Dungeon.
             The game lasted 00:25:38 (13325 turns).

vatarom the Arsonist (DsFE)                        Turns: 13325, Time: 00:25:38

Health: -33/76     AC:  7    Str: 10    XL:     10   Next: 48%
Magic:  20/20      EV: 12    Int: 18    God:    Vehumet [*.....]
Gold:   490        SH:  0    Dex: 14    Spells: 6/22 levels left

rFire    . . .     SeeInvis .   g - +0 quarterstaff (venom)
rCold    . . .     Faith    +   (shield currently unavailable)
rNeg     . . .     Spirit   .   a - +0 robe
rPois    +         Reflect  .   (helmet restricted)
rElec    .         Harm     .   v - scarf {+Inv}
rCorr    +         Rampage  .   c - +1 pair of gloves
Will     .....                  (no boots)
Stlth    ++........             A - amulet of faith
HPRegen  0.22/turn              r - ring of resist corrosion
MPRegen  0.17/turn              o - ring of poison resistance

@: about to teleport, slowed, very slow
A: antennae 1, yellow scales 2, foul stench 2, spiny 1
a: Renounce Religion, Evoke Invisibility


You were on level 11 of the Dungeon.
You worshipped Vehumet.
Vehumet was aware of your devotion.
You visited 2 branches of the dungeon, and saw 12 of its levels.
You also visited: Gauntlet.

You collected 490 gold pieces.

Inventory:

Hand Weapons
 g - a +0 quarterstaff of venom (weapon)
Missiles
 b - 229 stones
 f - a throwing net {!f}
 i - 80 poisoned darts
 l - a curare-tipped dart
Armour
 a - a +0 robe (worn)
 c - a +1 pair of gloves (worn)
 e - a +0 helmet
 v - a scarf of invisibility (worn)
 z - +1 acid dragon scales
Jewellery
 o - a ring of poison resistance (right hand)
 r - a ring of resist corrosion (left hand)
 A - an amulet of faith (around neck)
Wands
 q - a wand of acid (7) {@v2}
Scrolls
 h - a scroll of torment
 j - 3 scrolls of amnesia
 p - a scroll of immolation
 u - a scroll of enchant armour
 y - a scroll of fog
Potions
 d - 2 potions of flight
 m - a potion of haste {@q3}
 n - 3 potions of brilliance {@q6}
 s - a potion of ambrosia
 t - a potion of berserk rage {unknown}


   Skills:
 - Level 5.7 Fighting
 - Level 1.7 Staves
 - Level 1.8 Dodging
 - Level 3.5 Stealth
 + Level 6.7 Spellcasting
 + Level 7.0 Conjurations
 * Level 8.6 Fire Magic
 - Level 4.5 Evocations


You had 6 spell levels left.
You knew the following spells:

 Your Spells              Type           Power      Damage    Failure   Level
a - Foxfire               Conj/Fire      100%       2x1d9     1%          1
b - Inner Flame           Hex/Fire       21%        N/A       5%          3
c - Conjure Flame         Conj/Fire      34%        6-21      1%          3
d - Sticky Flame          Conj/Fire      34%        2d5       4%          4
e - Fireball              Conj/Fire      17%        3d9       12%         5

Your spell library contained the following spells:

 Spells                   Type           Power      Damage    Failure   Level
 Shock                    Conj/Air       72%        1d7       2%          1
 Apportation              Tloc           12%        N/A       11%         1
 Sublimation of Blood     Necr           3%         N/A       17%         2
 Irradiate                Conj/Tmut      9%         3d16      58%         5
 Petrify                  Tmut/Erth      6%         N/A       73%         4
 Alistair's Intoxication  Tmut/Pois      4%         N/A       97%         5
 Invisibility             Hex            3%         N/A       100%        6


Dungeon Overview and Level Annotations

Branches:
Dungeon (12/15)            Temple (1/1) D:7         Gauntlet (visited)
   Lair: D:8-11         Orc: D:9-12

Altars:
Ashenzari
Cheibriados
Dithmenos
Elyvilon
Fedhas
Gozag
Hepliaklqana
Makhleb
Nemelex Xobeh
Okawaru
Qazlal
Ru
Sif Muna
Trog
Uskayaw
Vehumet
Wu Jian
Xom
Yredelemnul
Zin
The Shining One
Beogh

Annotations:
D:7 3 runed translucent doors, OdinelGallardo's ghost, novice DEFE


Innate Abilities, Weirdness & Mutations

You have a pair of small antennae on your head.
You are mostly covered in yellow scales. (AC +3)
You sometimes emit foul miasma when damaged in melee.
You are partially covered in sharp spines.


Message History

Found a runed shortbow.
Key pressed, stopping explore.
Key pressed, stopping explore.
Key pressed, stopping explore.
Key pressed, stopping explore.
The floating eye turns its gaze towards you.
Key pressed, stopping explore.
The shadow imp shouts!
The shadow imp puffs mist at you.
Key pressed, stopping explore.
Partly explored, unvisited transporter and can't reach some places.
Partly explored, unvisited transporter and can't reach some places.
Partly explored, unvisited transporter and can't reach some places.
Press: ? - help, v - describe, . - travel
Here: a soul eater (fire blocked by a translucent stone wall)
The floor.
There is a transporter here.
There is a gate leading back out of this place here.
Welcome back to the Dungeon!
The freezing wraith barely misses you. The freezing wraith hits you!
The freezing wraith drains your vigour!
You feel yourself slow down.
You emit a cloud of foul miasma!
The wraith hits you but does no damage.
The cyclops throws a large rock.
The large rock hits you!!!
Ouch! That really hurt!
The freezing wraith hits you!
* * * LOW HITPOINT WARNING * * *
The freezing wraith freezes you!
* * * LOW HITPOINT WARNING * * *
The freezing wraith closely misses you.
The death knight offers itself to Yredelemnul, and fills with unholy energy.
There is an empty arch of ancient stone, spattered with blood here.
Okay, then.
Okay, then.
Okay, then.
As you read the scroll of teleportation {@r3}, it crumbles to dust.
You feel strangely unstable. The wraith closely misses you.
The freezing wraith closely misses you. The freezing wraith barely misses you.
The cyclops throws a large rock.
The large rock hits you!!!
Ouch! That really hurt!
You die...

..^##...............(...
#..^#...................
# .##...................
.###.....###...≈≈≈......
.........# #..≈≈≈≈≈.....
.........###..≈≈≈≈≈C....
..............≈≈≈≈≈.....
...............≈≈≈......
...............W@.......
................W.......
..................p..W..
..≈
......................<.
..≈
........................
..≈ ..................
... .................
... .....)≈≈≈...... ...
...


You could see a death knight (reflects damage), a cyclops, a phantasmal warrior,
a freezing wraith and a wraith.

Vanquished Creatures
  A two-headed ogre (D:12)
  A meliai zombie (D:11)
  A shadow (D:8)
  Eustachio (D:5)
  3 yaks (D:9)
  A steam dragon (D:8)
  3 water moccasins
  An acid dragon (D:7)
  2 necrophages
  3 orc warriors
  5 ogres
  2 centaurs
  2 phantoms
  4 kobold brigands
  3 bullfrogs (D:7)
  5 scorpions
  2 water moccasin skeletons (D:5)
  14 killer bees
  2 howler monkeys
  2 bullfrog zombies (D:7)
  A centaur zombie (D:4)
  A jelly (D:5)
  3 orc priests
  4 hounds
  A centaur skeleton (D:7)
  An iguana (D:6)
  9 orc wizards
  A hound skeleton (D:4)
  6 adders
  A shadow imp (D:7)
  2 white imps
  2 ufetubi
  An adder skeleton (D:4)
  A worm (D:2)
  3 dart slugs
  31 orcs
  5 bats
  9 endoplasms
  7 giant cockroaches
  7 goblins
  8 hobgoblins
  4 jackals (D:3)
  A quokka (D:1)
  8 ball pythons
  3 frilled lizards
  19 kobolds
  3 rats
200 creatures vanquished.

Vanquished Creatures (collateral kills)
  2 foxfires (D:7)
2 creatures vanquished.

Vanquished Creatures (others)
  422 foxfires
  3 fungi (D:7)
  4 toadstools (D:1)
429 creatures vanquished.

Grand Total: 631 creatures vanquished

Notes
Turn   | Place    | Note
-------+----------+-------------------------------------------
     0 | D:1      | vatarom the Demonspawn Fire Elementalist began the quest
                  | for the Orb.
     0 | D:1      | Reached XP level 1. HP: 13/13 MP: 3/3
   330 | D:1      | Gained mutation: You may rarely emit foul miasma when
                  | damaged in melee. [demonic ancestry]
   330 | D:1      | Reached XP level 2. HP: 19/19 MP: 3/5
  1262 | D:1      | Found a faded altar of an unknown god.
  1832 | D:2      | Gained mutation: You are partially covered in yellow
                  | scales. (AC +2) [demonic ancestry]
  1832 | D:2      | Reached XP level 3. HP: 24/24 MP: 4/6
  1924 | D:2      | Learned a level 3 spell: Conjure Flame
  1960 | D:2      | Reached skill level 3 in Fire Magic
  2540 | D:2      | Gained mutation: You have a pair of small antennae on your
                  | head. [demonic ancestry]
  2540 | D:2      | Reached XP level 4. HP: 30/30 MP: 5/7
  3637 | D:4      | Reached XP level 5. HP: 28/35 MP: 2/9
  3658 | D:3      | Learned a level 3 spell: Inner Flame
  3875 | D:4      | Noticed a phantom
  3895 | D:4      | Killed a phantom
  3896 | D:4      | Reached skill level 1 in Fighting
  4004 | D:4      | Gained mutation: You are partially covered in sharp spines.
                  | [demonic ancestry]
  4004 | D:4      | Reached XP level 6. HP: 27/43 MP: 4/10
  4011 | D:4      | Learned a level 4 spell: Sticky Flame
  4266 | D:4      | Reached skill level 4 in Fire Magic
  4663 | D:4      | Reached XP level 7. HP: 35/50 MP: 8/12
  5041 | D:5      | Entered Level 5 of the Dungeon
  5284 | D:5      | Found an opulent altar of Gozag.
  5393 | D:5      | Reached skill level 5 in Fire Magic
  5627 | D:5      | Reached XP level 8. HP: 58/58 MP: 10/14
  5654 | D:5      | Found an iron altar of Okawaru.
  5774 | D:4      | HP: 2/58 [orc (5)]
  6480 | D:5      | Reached skill level 6 in Fire Magic
  6644 | D:5      | Found a blossoming altar of Fedhas.
  6660 | D:5      | Noticed Eustachio
  6703 | D:5      | Killed Eustachio
  6897 | D:5      | Learned a level 5 spell: Fireball
  7007 | D:6      | Reached skill level 5 in Conjurations
  7344 | D:6      | Reached skill level 5 in Spellcasting
  7728 | D:6      | Found a basalt altar of Yredelemnul.
  7729 | D:6      | Found an ornate altar of the Wu Jian Council.
  7942 | D:6      | You fall into a shaft and drop 3 floors!
  8058 | D:8      | Reached skill level 1 in Evocations
  8227 | D:8      | Gained mutation: You are mostly covered in yellow scales.
                  | (AC +3) [demonic ancestry]
  8227 | D:8      | Reached XP level 9. HP: 66/66 MP: 14/16
  8301 | D:7      | Found a runed translucent gate.
  8303 | D:7      | Found a runed translucent gate.
  8304 | D:7      | Found a runed translucent gate.
  8306 | D:7      | Noticed OdinelGallardo's ghost (novice DEFE)
  8306 | D:7      | Noticed a boulder beetle
  8806 | D:7      | Found a staircase to the Ecumenical Temple.
  8834 | Temple   | Entered the Ecumenical Temple
  8947 | Temple   | Became a worshipper of Vehumet
  9039 | D:7      | Reached skill level 7 in Fire Magic
  9078 | D:7      | Reached skill level 5 in Fighting
  9521 | D:7      | Found a shimmering altar of Xom.
 10220 | D:8      | Reached * piety under Vehumet
 10220 | D:8      | Offered knowledge of Shock by Vehumet.
 11211 | D:8      | Reached skill level 1 in Staves
 11353 | D:9      | Gained mutation: You sometimes emit foul miasma when
                  | damaged in melee. [demonic ancestry]
 11353 | D:9      | Reached XP level 10. HP: 63/76 MP: 1/19
 12252 | D:9      | Reached skill level 8 in Fire Magic
 12346 | D:9      | You fall into a shaft and drop 3 floors!
 12346 | D:12     | Noticed a two-headed ogre
 12357 | D:12     | Killed a two-headed ogre
 12619 | D:12     | Noticed a cyclops
 12620 | D:12     | Noticed a skeletal warrior
 12620 | D:12     | Noticed a skeletal warrior
 12620 | D:12     | Noticed a skeletal warrior
 12711 | D:11     | Noticed a manticore
 12739 | D:11     | Noticed a cyclops
 12754 | D:11     | Noticed a death knight
 12754 | D:11     | Noticed a phantasmal warrior
 12754 | D:11     | Noticed a two-headed ogre
 12759 | D:11     | Found a sparkling altar of Nemelex Xobeh.
 13164 | D:11     | Found a gate leading to a gauntlet.
 13178 | Gauntlet | Entered a Gauntlet
 13178 | Gauntlet | Noticed a soul eater
 13178 | Gauntlet | Found a transporter.
 13189 | Gauntlet | Found a transporter.
 13191 | Gauntlet | Found a transporter.
 13192 | Gauntlet | Found a transporter.
 13199 | Gauntlet | Noticed an eye of devastation
 13200 | Gauntlet | Found a transporter.
 13203 | Gauntlet | Found a transporter.
 13204 | Gauntlet | Found a transporter.
 13212 | Gauntlet | Found a transporter.
 13215 | Gauntlet | Found a transporter.
 13216 | Gauntlet | Found a transporter.
 13220 | Gauntlet | Found a runed translucent door.
 13222 | Gauntlet | Found a runed translucent door.
 13224 | Gauntlet | Found a transporter.
 13227 | Gauntlet | Found a transporter.
 13228 | Gauntlet | Found a transporter.
 13238 | Gauntlet | Noticed a quicksilver ooze
 13239 | Gauntlet | Found a transporter.
 13325 | D:11     | Hit by a large rock thrown by a cyclops

Illustrated notes

Levels and vault maps discovered:
D:1:      ldierk_water_garden, layout_basic,
          hellmonk_ecumenical_altar_defaced_shrine
D:2:      layout_basic, chequers_serial_rivers_large_a, minmay_pentomino_pile
D:3:      layout_rooms
D:4:      layout_rooms, minmay_fountain_box
D:5:      layout_rooms, mainiacjoe_overflow_alcove_1, okawaru_trees_1,
          grunt_gozag_statues, uniq_eustachio
D:6:      layout_basic, gammafunk_temple_overflow_pools
D:7:      layout_loops_ring, mainiacjoe_overflow_brackets,
          mainiacjoe_overflow_boulevard, minmay_temple_entry_wispy,
          gammafunk_ghost_split, minmay_ruined_shrine
D:8:      layout_layer_cave, minmay_orc_keep
D:9:      layout_rooms, general_overflow_altar, lair_entry_dummy
D:11:     layout_big_octagon, gauntlet_entry_generic,
          nemelex_spade_bored_becter, uniq_maurice
D:12:     layout_basic, erik_orc_2, serial_shops, nicolae_shop_stone
Temple:   nicolae_temple_god_jail

Skill      XL: |  1  2  3  4  5  6  7  8  9 10 |
---------------+-------------------------------+-----
Stealth        | 2 3 |  3.5
Fire Magic     | 3 4 5 6 7 8 |  8.6
Conjurations   | 2 3 4 5 6 7 |  7.0
Fighting       | 1 2 3 4 5 |  5.7
Spellcasting   | 3 4 5 6 |  6.7
Evocations     | 1 4 |  4.5
Staves         | 1 |  1.7
Dodging        | |  1.8

Action                   |  1- 3 |  4- 6 |  7- 9 | 10-12 || total
-------------------------+-------+-------+-------+-------++-------
Melee: Dagger            |    69 |       |       |       ||    69
       Quarterstaff      |       |    62 |   141 |    15 ||   218
 Cast: Foxfire           |    69 |    64 |   104 |    33 ||   270
       Conjure Flame     |       |     1 |     4 |     2 ||     7
       Sticky Flame      |       |       |    27 |     6 ||    33
       Fireball          |       |       |     4 |     9 ||    13
  Use: Scroll            |     2 |       |    12 |     6 ||    20
       Potion            |       |     6 |     3 |       ||     9
 Stab: Sleeping          |     1 |     1 |     1 |       ||     3
Armor: Robe              |    30 |    47 |    63 |     8 ||   148
       Acid dragon scale |       |       |    16 |       ||    16
Dodge: Dodged            |    74 |    92 |   130 |    21 ||   317
